 Dungeon Crawl Stone Soup version 0.24-a0-489-g1c7b743a30 (webtiles) character file.

Game seed: 17390532599779701323

733 KristoblXynda the Slasher (level 7, -15/57 HPs)
             Began as a Yellow Draconian Gladiator on July 11, 2019.
             Was a Follower of Yredelemnul.
             Demolished by an ogre
             ... wielding a +0 giant spiked club
              (24 damage)
             ... on level 5 of the Dungeon.
             The game lasted 00:07:33 (4995 turns).

KristoblXynda the Slasher (DrGl)                    Turns: 4995, Time: 00:07:34

Health: -15/57     AC:  7    Str: 16    XL:     7   Next: 45%
Magic:  9/9        EV: 14    Int: 10    God:    Yredelemnul [*.....]
Gold:   152        SH:  0    Dex: 13    Spells: 6/6 levels left

rFire    . . .     SeeInvis .   a - +0 long sword
rCold    . . .     Gourm    .   (no shield)
rNeg     . . .     Faith    .   (armour unavailable)
rPois    .         Spirit   .   b - +0 hat
rElec    .         Reflect  .   (no cloak)
rCorr    +         Harm     .   (no gloves)
MR       .....                  l - +0 pair of boots
Stlth    ++........             (no amulet)
HPRegen  0.19/turn              e - ring of wizardry
MPRegen  0.11/turn              p - ring of stealth

@: lethally poisoned (-15 -> -16), short of breath, slowed, very slow
A: spit acid, unfitting armour, cold-blooded, acid resistance, AC +6
a: Breathe Acid, Animate Remains, Renounce Religion


You were on level 5 of the Dungeon.
You worshipped Yredelemnul.
Yredelemnul was aware of your devotion.
You were hungry.

You visited 1 branch of the dungeon, and saw 5 of its levels.

You collected 152 gold pieces.

Inventory:

Hand Weapons
 a - a +0 long sword (weapon)
Missiles
 c - 3 throwing nets (quivered)
Armour
 b - a +0 hat (worn)
 l - a +0 pair of boots (worn)
Jewellery
 e - a ring of wizardry (left hand)
 p - a ring of stealth (right hand)
Wands
 o - a wand of iceblast (2)
 s - a wand of polymorph (10)
 x - a wand of flame (11)
Scrolls
 f - a scroll of noise {unknown}
 g - 2 scrolls of remove curse
 h - a scroll of fear
 j - a scroll of teleportation
 k - a scroll of amnesia {unknown}
 m - a scroll of blinking {unknown}
 n - a scroll of enchant armour {unknown}
 t - a scroll of magic mapping
 w - a scroll of enchant weapon {unknown}
Potions
 i - 3 potions of mutation
 q - a potion of curing
 r - a potion of agility {unknown}
 u - a potion of heal wounds {unknown}
 v - a potion of might {unknown}
 z - 2 potions of flight {unknown}
Comestibles
 d - 8 rations


   Skills:
 - Level 3.0 Fighting
 * Level 6.6 Long Blades
 - Level 2.0 Throwing
 + Level 4.6 Dodging
 + Level 3.5 Invocations


You had 6 spell levels left.
You didn't know any spells.
Your spell library was empty.

Dungeon Overview and Level Annotations

Branches:
Dungeon (5/15)
 Temple: D:4-7

Altars:
Dithmenos
Hepliaklqana
Nemelex Xobeh
Okawaru
Trog
Wu Jian
Xom
Yredelemnul


Innate Abilities, Weirdness & Mutations

You can spit globs of acid.
Your golden yellow scales are hard. (AC +6)
You cannot fit into any form of body armour.
You are cold-blooded and may be slowed by cold attacks.
You are resistant to acid. (rCorr)


Message History

You feel somewhat more hungry. The ogre misses you.
Unknown command.
You barely miss the ogre.
You tail-slap the ogre, but do no damage.
You feel sick.
The orc priest looks braver for a moment.
The ogre hits you with a +0 giant spiked club!
You hit the ogre.
The ogre is moderately wounded.
The ogre barely misses you.
You barely miss the ogre. You tail-slap the ogre.
The ogre is moderately wounded.
The ogre misses you.
The orc priest mumbles some strange prayers to Beogh against you.
Beogh smites you!
* * * LOW HITPOINT WARNING * * *
You feel sick.
The ogre hits you with a +0 giant spiked club!!
You die...
Your body rises from the dead as a mindless zombie.

....... #.....
....... #######
#.....
.......#....)..
#.....
...............
#.....
..>............
#..... #o####+##
#..[.. #o......#.
#..... #O).....#..
#.....
#@......#...#.....
#.......#...#.....
#.......#...'.....
#.......+...#.....
###.......#.###.....
........###.#.....##
#........#...#.....#
#........#...'.....#
#........#...#.....#


You could see an ogre, an orc priest and an orc.

Vanquished Creatures
  A sky beast (D:5)
  2 ogres (D:4)
  A scorpion (D:5)
  4 orc wizards
  2 jellies (D:5)
  3 worker ants (D:5)
  A gnoll (D:4)
  6 adders
  A shadow imp (D:5)
  2 oozes (D:2)
  2 adder skeletons
  2 worms
  A dart slug (D:3)
  2 leopard geckos
  11 orcs
  2 ball pythons
  6 bats
  5 giant cockroaches
  11 goblins
  2 hobgoblins
  3 jackals (D:1)
  2 quokkas (D:5)
  4 frilled lizards (D:1)
  9 kobolds
  4 rats
89 creatures vanquished.

Vanquished Creatures (others)
  A goblin (D:2)
1 creature vanquished.

Grand Total: 90 creatures vanquished

Notes
Turn   | Place    | Note
-------+----------+-------------------------------------------
     0 | D:1      | KristoblXynda the Draconian Gladiator began the quest for
                  | the Orb.
     0 | D:1      | Reached XP level 1. HP: 17/17 MP: 1/1
   185 | D:1      | Reached XP level 2. HP: 23/24 MP: 2/2
   706 | D:2      | Reached XP level 3. HP: 30/30 MP: 3/3
   747 | D:2      | Found a sparkling altar of Nemelex Xobeh.
   752 | D:2      | Found a hazy altar of Hepliaklqana.
   755 | D:2      | Found a shimmering altar of Xom.
   767 | D:2      | Found a basalt altar of Yredelemnul.
   783 | D:2      | Became a worshipper of Yredelemnul the Dark
   937 | D:2      | Reached skill level 4 in Long Blades
  1047 | D:2      | Reached XP level 4. HP: 37/37 MP: 4/4
  1072 | D:2      | Found an ornate altar of the Wu Jian Council.
  1406 | D:3      | Found a faded altar of an unknown god.
  1504 | D:3      | Found a bloodstained altar of Trog.
  1509 | D:3      | Reached * piety under Yredelemnul
  2094 | D:3      | Reached XP level 5. HP: 45/45 MP: 5/5
  2593 | D:4      | Noticed an ogre
  2603 | D:4      | Reached skill level 1 in Invocations
  2604 | D:4      | Killed an ogre
  2604 | D:4      | Reached skill level 5 in Long Blades
  2628 | D:3      | Reached XP level 6. HP: 12/51 MP: 7/7
  3353 | D:4      | Found a bloodstained altar of Trog.
  3354 | D:4      | Found an iron altar of Okawaru.
  3673 | D:4      | Noticed Eustachio
  3676 | D:4      | Noticed Eustachio
  3676 | D:4      | Eustachio changed into Eustachio the ogre
  3691 | D:4      | Killed Eustachio the ogre
  3992 | D:5      | Entered Level 5 of the Dungeon
  3996 | D:5      | Noticed a sky beast
  4010 | D:5      | Killed a sky beast
  4010 | D:5      | Reached skill level 6 in Long Blades
  4010 | D:5      | Your scales start taking on a golden yellow colour.
  4010 | D:5      | Reached XP level 7. HP: 50/57 MP: 7/9
  4010 | D:5      | Gained mutation: You are resistant to acid. (rCorr) [Yellow
                  | Draconian growth]
  4320 | D:5      | Found a shadowy altar of Dithmenos.
  4995 | D:5      | Demolished by an ogre

Levels and vault maps discovered:
D:1:      mrwooster_arrival_statue_3, layout_basic
D:2:      layout_rooms, grunt_temple_overflow_cloverleaf,
          lemuel_coloured_pillars_altar, first_ration
D:3:      layout_basic, chequers_ecumenical_altar_simple_redux, bloody_trog
D:4:      layout_rooms, grunt_temple_overflow_bloody_war, minivault_5,
          uniq_eustachio
D:5:      layout_gridville, lemuel_crystal_altar, serial_shops, shop,
          grunt_ministairs_4, kennysheep_another_room

Skill      XL: |  1  2  3  4  5  6  7 |
---------------+----------------------+-----
Throwing       | 2 |  2.0
Dodging        | 3 4 |  4.6
Long Blades    | 4 5 6 |  6.6
Fighting       | 3 |  3.0
Invocations    | 2 3 |  3.5

Action                   |  1- 3 |  4- 6 |  7- 9 || total
-------------------------+-------+-------+-------++-------
Melee: Long sword        |    80 |   151 |    59 ||   290
       Tailslap          |     7 |    19 |    13 ||    39
 Abil: Breathe Acid      |       |       |     3 ||     3
Evoke: Wand              |       |     5 |     1 ||     6
  Use: Scroll            |     1 |     5 |       ||     6
       Potion            |       |       |     1 ||     1
 Stab: Sleeping          |       |     1 |     1 ||     2
  Eat: Chunk             |     1 |     5 |       ||     6
       Ration            |       |     2 |       ||     2
Armor: Skin              |    29 |    46 |    10 ||    85
Dodge: Dodged            |    79 |   111 |    45 ||   235
       Rpst.: Long sword |    31 |    30 |    11 ||    72

Table legend:
 A = Non-vault XP
 B = Vault XP
 C = Vault XP percentage of total XP
 D = Non-vault monster count
 E = Vault monster count
 F = Vault count percentage of total count
                 A         B        C        D         E       F
            +---------+---------+-------+---------+---------+-------
      Total |     878 |     170 |  16.2 |      86 |       3 |   3.4
            +---------+---------+-------+---------+---------+-------
        D:1 |      40 |       0 |   0.0 |      24 |       0 |   0.0
        D:2 |     115 |       0 |   0.0 |      22 |       0 |   0.0
        D:3 |      87 |       0 |   0.0 |      17 |       0 |   0.0
        D:4 |     224 |     136 |  37.8 |      11 |       2 |  15.4
        D:5 |     412 |      34 |   7.6 |      12 |       1 |   7.7
            +---------+---------+-------+---------+---------+-------
